 Dungeon Crawl Stone Soup version 0.31-a0-971-g75a2e9a4b4 (webtiles) character file.

Game seed: 7764345506906457449

459 Maxmaps the Changeling (level 7, -2/43 HPs)
             Began as an Octopode Shapeshifter on Oct 28, 2023.
             Slain by Menkaure (24 damage)
             ... on level 4 of the Dungeon.
             The game lasted 00:03:20 (2950 turns).

Maxmaps the Changeling (Octopode Shapeshifter)      Turns: 2950, Time: 00:03:21

Health: -2/43      AC:  1    Str: 13    XL:     7   Next: 6%
Magic:  7/7        EV: 13    Int: 15    God:
Gold:   210        SH:  0    Dex: 11    Spells: 6/6 levels left

rFire   . .          .
                       - Unarmed
rCold   . . .        (no shield)
rNeg    . . .        (helmet currently unavailable)
rPois   .            (no amulet)
rElec   .            (no ring)
rCorr   .            (no ring)
SInv    .            (no ring)
Will    .....        (no ring)
Stlth   ++           (no ring)
HPRegen 0.27/turn    (no ring)
MPRegen 0.10/turn    (no ring)
                     (no ring)

%: no passive effects
@: beast-form
A: beast (slay +4), almost no armour, amphibious, 8 rings, camouflage 1,
gelatinous body 1, (nimble swimmer 1), tentacles
a: Begin Untransformation


You were on level 4 of the Dungeon.
You were a hulking beast.
You visited 1 branch of the dungeon, and saw 4 of its levels.

You collected 210 gold pieces.

Inventory:

Talismans
 b - a beast talisman
 c - a flux talisman
Scrolls
 e - 2 scrolls of identify
 f - a scroll of amnesia {unknown}
 g - a scroll of revelation
 j - a scroll of poison {unknown}
Potions
 a - a potion of brilliance
 d - 3 potions of curing
 h - a potion of haste {unknown}
 i - a potion of degeneration {unknown}


   Skills:
 + Level 1.0 Fighting
 - Level 2.0 Dodging
 - Level 3.0 Unarmed Combat
 - Level 7.2 Shapeshifting


You had 6 spell levels left.
You didn't know any spells.
Your spell library contained the following spells:

 Spells                   Type           Power      Damage    Failure   Level
 Slow                     Hex            0%         N/A       26%         1
 Confusing Touch          Hex            0%         N/A       63%         3
 Sigil of Binding         Hex            0%         N/A       63%         3
 Vampiric Draining        Necr           0%         2d6       63%         3


Dungeon Overview and Level Annotations

Branches:
Dungeon (4/15)
 Temple: D:4-7

Altars:

Shops:
D:1 =

Annotations:
D:3 1 transporter, HilariousDeathArtist's ghost, amateur AtSh
D:4 Menkaure


Innate Abilities, Weirdness & Mutations

You are a hulking beast.
Your limbs bulge with bestial killing power. (Slay +4)
You cannot wear most types of armour.
You are amphibious.
You can wear up to eight rings at the same time.
Your skin changes colour to match your surroundings (Stealth+).
Your rubbery body absorbs attacks. (AC +1, EV +1)
((You are camouflaged when in or above water. (Stealth+)))
You have tentacles for arms and can constrict up to eight enemies at once.


Message History

You tentacle-slap the endoplasm but do no damage.
You squeeze the endoplasm.
The endoplasm is lightly wounded.
The endoplasm freezes you.
You are frozen.
* * * LOW HITPOINT WARNING * * *
You tentacle-slap the endoplasm.
You kill the endoplasm!
You swing at nothing.
You start resting.
HP restored.
You climb downwards.
There is a stone staircase leading up, spattered with blood here.
There is an escape hatch in the ceiling here.
You now have 210 gold pieces (gained 9).
Found a stone staircase leading down.
No target in view!
Found a sling.
Key pressed, stopping explore.
No target in view!
e - 2 scrolls of identify (gained 1) Menkaure, Prince of Dust comes into view.
An iguana comes into view.
Menkaure shouts!
The iguana hisses angrily.
Menkaure shrieks, "Why can't you leave me to my rest?"
Menkaure casts a spell at you.
You struggle to resist.
You tentacle-slap Menkaure. Your grab misses Menkaure. You squeeze Menkaure.
Menkaure is moderately damaged.
The iguana bites you!
You tentacle-slap Menkaure. You grab Menkaure.
Menkaure is moderately damaged.
You constrict Menkaure, but do no damage.
Menkaure hits you!!
Ouch! That really hurt!
The iguana bites you.
* * * LOW HITPOINT WARNING * * *
You feel better.
You constrict Menkaure. Menkaure hits you!!
Ouch! That really hurt!
You die...

###..##.# #
#.......# .#
........###.
.........#.
..........
.........
......Ml# ##.
.......h# ....
...###..# #.....
##.##......
##.###..........
#..............
#..##.#......###
. ###.........#
#..........
#..........


You could see Menkaure and an iguana.

Vanquished Creatures
  Sigmund (D:3)
  A black bear (D:3)
  Terence (D:2)
  Jessica (D:3)
  Natasha (thrice) (D:2)
  2 adders
  3 dart slugs
  7 ball pythons
  7 endoplasms
  2 giant cockroaches (D:2)
  8 goblins
  9 hobgoblins
  3 quokkas
  5 bats
  2 frilled lizards
  2 kobolds
  5 rats
62 creatures vanquished.

Notes
Turn   | Place    | Note
-------+----------+-------------------------------------------
     0 | D:1      | Maxmaps the Octopode Shapeshifter began the quest for the
                  | Orb.
     0 | D:1      | Reached XP level 1. HP: 13/13 MP: 1/1
    80 | D:1      | Reached XP level 2. HP: 6/18 MP: 2/2
   523 | D:1      | Found a faded altar of an unknown god.
   787 | D:1      | Reached XP level 3. HP: 23/23 MP: 3/3
   814 | D:1      | Found Hiacrer's Jewellery Shop.
   852 | D:1      | Reached skill level 4 in Shapeshifting
  1043 | D:2      | Noticed Terence
  1059 | D:2      | Killed Terence
  1060 | D:2      | Reached XP level 4. HP: 22/28 MP: 4/4
  1081 | D:2      | Noticed Natasha
  1089 | D:2      | Killed Natasha
  1198 | D:2      | Noticed Natasha
  1207 | D:2      | Killed Natasha
  1208 | D:2      | Reached skill level 5 in Shapeshifting
  1208 | D:2      | Reached XP level 5. HP: 10/33 MP: 5/5
  1298 | D:2      | Noticed Natasha
  1307 | D:2      | Killed Natasha
  1910 | D:3      | Noticed HilariousDeathArtist's ghost (amateur AtSh)
  1910 | D:3      | Noticed an ogre
  1912 | D:3      | Found a transporter.
  1912 | D:3      | Identified the +9 dire flail "Parergh" {flame, Will++}
  1912 | D:3      | Noticed an ogre
  2181 | D:3      | Noticed Sigmund
  2189 | D:3      | Killed Sigmund
  2190 | D:3      | Reached skill level 6 in Shapeshifting
  2190 | D:3      | Reached XP level 6. HP: 33/38 MP: 6/6
  2290 | D:3      | Noticed Jessica
  2295 | D:3      | Killed Jessica
  2779 | D:4      | Noticed a black bear
  2796 | D:3      | Killed a black bear
  2797 | D:3      | Reached skill level 7 in Shapeshifting
  2797 | D:3      | Reached XP level 7. HP: 13/43 MP: 7/7
  2943 | D:4      | Noticed Menkaure
  2950 | D:4      | Slain by Menkaure

Illustrated notes

Levels and vault maps discovered:
D:1:      ncdulo_smallfort, layout_loops_corners, serial_shops,
          nicolae_shop_behind_doors, ebering_ecumenical_altar_ruins,
          kennysheep_minor_cross, minmay_misc_feat_pillars, st_stairs_8,
          chequers_serial_rivers_marsh
D:2:      layout_loops_cross, uniq_terence, uniq_natasha
D:3:      layout_basic, gammafunk_ghost_smash, uniq_sigmund, uniq_jessica
D:4:      minmay_door_path, layout_cave_pools, roderic_lattice_a, uniq_menkaure

Skill      XL: |  1  2  3  4  5  6 |
---------------+-------------------+-----
Shapeshifting  | 4 5 6 7 |  7.2
Fighting       | |  1.0
Dodging        | |  2.0
Unarmed Combat | |  3.0

Action                     |  1- 3 |  4- 6 |  7- 9 || total
---------------------------+-------+-------+-------++-------
  Melee: Unarmed           |    51 |    67 |     4 ||   122
         Constrict         |    11 |    20 |     1 ||    32
         Tentacles         |    10 |    14 |     2 ||    26
         Punch             |     2 |     2 |       ||     4
    Use: Potion            |     1 |       |     1 ||     2
         Scroll            |       |     7 |       ||     7
   Stab: Sleeping          |     4 |     4 |       ||     8
 Armour: Skin              |    22 |    34 |     4 ||    60
  Dodge: Dodged            |    32 |    33 |       ||    65

Table legend: (Time is in decaauts)
 A = Elapsed time spent in this place.
 B = Non-inter-level travel time spent in this place.
 C = Inter-level travel time spent in this place.
 D = Time resting spent in this place.
 E = Time spent auto-exploring this place.
 F = Levels seen in this place.
 G = Mean time per level.
                   A        B        C        D        E       F      G
               +--------+--------+--------+--------+--------+-----+--------+
         Total |   2957 |   2843 |    114 |    404 |   2041 |   4 |  739.2 |
       Dungeon |   2957 |   2843 |    114 |    404 |   2041 |   4 |  739.2 |
               +--------+--------+--------+--------+--------+-----+--------+

Top non-repeatable levels by time:
     D:1: 996 daAuts
     D:3: 995 daAuts
     D:2: 901 daAuts
     D:4: 64 daAuts
